 Dungeon Crawl Stone Soup version 0.26.0-3-g156281e41b (webtiles) character file.

Game seed: 18440827185810746654

10930 trckry the Reanimator (level 11, -1/79 HPs)
             Began as a Demonspawn Wanderer on Jan 9, 2021.
             Killed from afar by a gargoyle (13 damage)
             ... with a stone arrow
             ... on level 11 of the Dungeon.
             The game lasted 00:39:20 (14703 turns).

trckry the Reanimator (Demonspawn Wanderer)        Turns: 14703, Time: 00:39:21

Health: -1/79      AC: 18    Str: 12    XL:     11   Next: 42%
Magic:  18/18      EV: 17    Int: 21    God:
Gold:   614        SH:  0    Dex:  9    Spells: 14/20 levels left

rFire    + . .     SeeInvis .   a - +2 flail (drain)
rCold    . . .     Faith    .   (no shield)
rNeg     . . .     Spirit   .   r - +0 leather armour
rPois    .         Reflect  .   z - +0 helmet
rElec    .         Harm     .   G - +0 cloak (curse)
rCorr    .         Rampage  .   J - +0 pair of gloves
Will     .....                  e - +0 pair of boots
Stlth    +.........             p - amulet of magic regeneration
HPRegen  0.23/turn              t - +4 ring of protection
MPRegen  0.41/turn              d - +4 ring of evasion

@: confusing touch, sanguine armour
A: fire resistance 1, spiny 2, sanguine armour 1
a: no special abilities


You were on level 11 of the Dungeon.
You visited 1 branch of the dungeon, and saw 11 of its levels.

You collected 614 gold pieces.

Inventory:

Hand Weapons
 a - a +2 flail of draining (weapon)
Missiles
 c - 32 poisoned darts (quivered)
Armour
 e - a +0 pair of boots (worn)
 r - a +0 leather armour (worn)
 z - a +0 helmet (worn)
 G - a cursed +0 cloak (worn)
 J - a +0 pair of gloves (worn)
Jewellery
 d - a +4 ring of evasion (right hand)
 p - an amulet of magic regeneration (around neck)
 t - a +4 ring of protection (left hand)
 N - an uncursed amulet of the acrobat
 O - an uncursed ring of resist corrosion {unknown}
Wands
 m - a wand of random effects (1)
 K - a wand of flame (8)
 M - a wand of digging (2)
 P - a wand of enslavement (11)
Scrolls
 b - 3 scrolls of blinking {unknown}
 f - 8 scrolls of identify {unknown}
 k - 6 scrolls of remove curse {unknown}
 l - a scroll of immolation {unknown}
 n - 3 scrolls of noise {unknown}
 q - 7 scrolls of teleportation {unknown}
 s - a scroll of enchant armour {unknown}
 u - a scroll of amnesia {unknown}
 v - a scroll of fear {unknown}
 y - 3 scrolls of enchant weapon {unknown}
 A - 2 scrolls of fog {unknown}
 C - 2 scrolls of torment {unknown}
 F - 2 scrolls of magic mapping {unknown}
 H - a scroll of brand weapon {unknown}
Potions
 g - 6 potions of curing {unknown}
 h - 3 potions of cancellation {unknown}
 i - 4 potions of heal wounds {unknown}
 j - a potion of ambrosia {unknown}
 o - a potion of haste {unknown}
 w - 4 potions of might {unknown}
 x - 2 potions of brilliance {unknown}
 B - a potion of resistance {unknown}
 D - a potion of attraction {unknown}
 E - a potion of magic {unknown}
 I - 3 potions of degeneration {unknown}
Miscellaneous
 L - a lightning rod (4/4)


   Skills:
 - Level 5.0 Fighting
 * Level 8.4 Maces & Flails
 + Level 5.4 Armour
 + Level 4.2 Dodging
 - Level 1.0 Stealth
 - Level 1.0 Shields
 - Level 5.0 Spellcasting
 + Level 4.0 Hexes
 - Level 10.0 Necromancy
 + Level 3.4 Translocations
 - Level 1.0 Poison Magic
 + Level 5.9 Evocations


You had 14 spell levels left.
You knew the following spells:

 Your Spells              Type           Power        Failure   Level
a - Pain                  Necr           100%         1%          1
b - Blink                 Tloc           N/A          4%          2
c - Confusing Touch       Hex            22%          8%          3

Your spell library contained the following spells:

 Spells                   Type           Power        Failure   Level
 Vampiric Draining        Necr           23%          1%          3
 Corona                   Hex            24%          2%          1
 Slow                     Hex            22%          4%          2
 Tukima's Dance           Hex            22%          8%          3
 Ensorcelled Hibernation  Hex/Ice        26%          9%          2
 Foxfire                  Conj/Fire      20%          14%         1
 Magic Dart               Conj           20%          14%         1
 Dazzling Flash           Conj/Hex       26%          19%         3
 Inner Flame              Hex/Fire       13%          19%         3
 Call Imp                 Summ           5%           21%         2
 Mephitic Cloud           Conj/Pois/Air  6%           34%         3
 Conjure Flame            Conj/Fire      5%           38%         3


Dungeon Overview and Level Annotations

Branches:
Dungeon (11/15)            Temple (0/1) D:5            Lair (0/6) D:9
    Orc: D:9-12

Altars:
Fedhas
Kikubaaqudgha
Nemelex Xobeh
Qazlal
Wu Jian
Zin
The Shining One

Annotations:
D:2 2 transporters
D:3 1 runed translucent door, jackrogers's ghost, novice MiGl
D:4 Menkaure


Innate Abilities, Weirdness & Mutations

Your flesh is heat resistant. (rF+)
You are mostly covered in sharp spines.
When seriously injured, your bleeding wounds create armour. (AC +6)


Message History

You hit the gargoyle but do no damage. The gargoyle is struck by your spines.
The gargoyle completely misses you.
You hit the gargoyle but do no damage.
The gargoyle is moderately damaged.
You hit the gargoyle but do no damage.
The gargoyle is moderately damaged.
The gargoyle barely misses the gargoyle.
The gargoyle barely misses you.
You hit the gargoyle but do no damage.
The gargoyle is moderately damaged.
The gargoyle closely misses you.
You hit the gargoyle but do no damage.
The gargoyle is moderately damaged.
The gargoyle is struck by your spines.
The gargoyle hits you with a +0 morningstar.
* * * LOW HITPOINT WARNING * * *
The gargoyle completely misses you.
The gargoyle hurls a stone arrow at you.
The stone arrow hits you!
You die...

..........................
....)...#####..####..#####
........# #..# #..#
........# #..# #..#
........#####..####..#####
.......9..................
.....9....................
###..####..####..#####..##
#. #@.# #..# #..# #..#
#..# #..# #..#
#..#####..## ....
............
...................
...................
....................
..................).
.............


You could see a gargoyle.

Vanquished Creatures
  Nergalle (D:10)
  Pikel (D:9)
  A gargoyle (D:10)
  3 trolls
  11 yaks
  Grum (D:9)
  2 water moccasins (D:6)
  2 ice beasts
  8 orc warriors
  3 black bears
  3 sky beasts (D:6)
  A necrophage (D:11)
  5 ogres
  4 wolves (D:9)
  2 centaurs
  A lemure (D:9)
  2 big kobolds
  8 bullfrogs
  A water moccasin zombie (D:10)
  4 scorpions
  14 killer bees
  19 wights
  3 howler monkeys (D:10)
  6 hounds
  A quasit (D:5)
  A jelly (D:9)
  13 orc wizards
  4 centaur skeletons
  8 orc priests
  2 bullfrog skeletons
  3 iguanas
  12 worker ants
  A hound skeleton (D:10)
  A worker ant zombie (D:7)
  25 adders
  4 gnolls (D:7)
  5 shadow imps
  3 white imps
  An ufetubus (D:9)
  2 oozes
  A worm (D:2)
  6 dart slugs
  6 leopard geckos
  63 orcs
  A ball python (D:3)
  A bat (D:1)
  5 giant cockroaches
  11 goblins
  11 hobgoblins
  4 jackals
  3 quokkas
  7 frilled lizards
  9 kobolds
  5 rats
325 creatures vanquished.

Vanquished Creatures (others)
  9 fungi (D:9)
  11 plants
20 creatures vanquished.

Grand Total: 345 creatures vanquished

Notes
Turn   | Place    | Note
-------+----------+-------------------------------------------
     0 | D:1      | trckry the Demonspawn Wanderer began the quest for the Orb.
     0 | D:1      | trckry set off with the following items: a +0 club, a +0
                  | robe; and the following spells available to memorise: Pain,
                  | Corona, Foxfire, Ensorcelled Hibernation, Vampiric
                  | Draining, Confusing Touch, Tukima's Dance, Dazzling Flash,
                  | Inner Flame
     0 | D:1      | Reached XP level 1. HP: 13/13 MP: 5/5
     2 | D:1      | Learned a level 1 spell: Pain
   360 | D:1      | Reached skill level 1 in Maces & Flails
   360 | D:1      | Gained mutation: You are partially covered in sharp spines.
                  | [demonic ancestry]
   360 | D:1      | Reached XP level 2. HP: 18/19 MP: 5/7
   541 | D:1      | Reached skill level 3 in Necromancy
  1064 | D:2      | Reached XP level 3. HP: 22/24 MP: 5/8
  1519 | D:2      | Noticed a fire elemental
  1520 | D:2      | Found a stormy altar of Qazlal.
  1523 | D:2      | Noticed an earth elemental
  1523 | D:2      | Noticed a water elemental
  1523 | D:2      | Noticed an air elemental
  1714 | D:2      | Reached XP level 4. HP: 5/30 MP: 2/10
  2080 | D:2      | Found a transporter.
  2084 | D:2      | Found a transporter.
  2085 | D:2      | Noticed a centaur
  2101 | D:2      | Found a glowing silver altar of Zin.
  2102 | D:2      | Noticed an angel
  2316 | D:2      | Found an ornate altar of the Wu Jian Council.
  2440 | D:3      | Found a runed translucent door.
  2440 | D:3      | Noticed jackrogers's ghost (novice MiGl)
  2974 | D:3      | Reached skill level 4 in Necromancy
  3203 | D:3      | Reached XP level 5. HP: 19/35 MP: 5/11
  3846 | D:4      | Reached skill level 1 in Evocations
  3897 | D:4      | Reached skill level 1 in Armour
  3945 | D:4      | Reached XP level 6. HP: 31/42 MP: 9/12
  4344 | D:4      | Found a blossoming altar of Fedhas.
  4347 | D:4      | Found a glowing golden altar of the Shining One.
  4350 | D:4      | Found an ancient bone altar of Kikubaaqudgha.
  4408 | D:4      | Noticed Menkaure
  4759 | D:5      | Entered Level 5 of the Dungeon
  4821 | D:5      | Reached skill level 1 in Fighting
  5129 | D:5      | Reached skill level 5 in Necromancy
  5208 | D:5      | Reached XP level 7. HP: 36/48 MP: 10/13
  5448 | D:5      | Found a staircase to the Ecumenical Temple.
  6237 | D:6      | Found a sparkling altar of Nemelex Xobeh.
  6506 | D:6      | Reached skill level 6 in Necromancy
  6514 | D:6      | Reached skill level 5 in Spellcasting
  6514 | D:6      | Gained mutation: When seriously injured, your bleeding
                  | wounds create armour. (AC +6) [demonic ancestry]
  6514 | D:6      | Reached XP level 8. HP: 37/56 MP: 10/15
  7353 | D:6      | Reached skill level 5 in Maces & Flails
  7782 | D:6      | Reached skill level 7 in Necromancy
  8477 | D:7      | Reached skill level 1 in Dodging
  8477 | D:7      | Reached XP level 9. HP: 61/64 MP: 16/16
  9475 | D:8      | Reached skill level 8 in Necromancy
  9866 | D:8      | Learned a level 2 spell: Blink
  9870 | D:8      | Learned a level 3 spell: Confusing Touch
 10668 | D:9      | Reached skill level 1 in Translocations
 10668 | D:9      | Gained mutation: You are mostly covered in sharp spines.
                  | [demonic ancestry]
 10668 | D:9      | Reached XP level 10. HP: 66/73 MP: 17/17
 10750 | D:9      | Noticed Grum
 11596 | D:9      | Reached skill level 9 in Necromancy
 11833 | D:9      | Reached skill level 5 in Evocations
 11938 | D:9      | Killed Grum
 11974 | D:9      | Noticed Pikel
 11994 | D:9      | Killed Pikel
 11995 | D:9      | Reached skill level 5 in Fighting
 12299 | D:9      | Found a staircase to the Lair.
 12478 | D:10     | Entered Level 10 of the Dungeon
 13016 | D:10     | Gained mutation: Your flesh is heat resistant. (rF+)
                  | [demonic ancestry]
 13016 | D:10     | Reached XP level 11. HP: 79/79 MP: 18/18
 13053 | D:10     | Reached skill level 5 in Armour
 13638 | D:10     | Noticed Nergalle
 13656 | D:10     | Killed Nergalle
 13657 | D:10     | Reached skill level 10 in Necromancy
 14703 | D:11     | Killed from afar by a gargoyle

Illustrated notes

Levels and vault maps discovered:
D:1:      wander_arrival_desolate, layout_basic
D:2:      layout_rooms, gammafunk_temple_overflow_arena, zin_angel,
          chequers_big_river, nicolae_qazlal_style_of_elements
D:3:      layout_rooms, gammafunk_ghost_grave, minmay_misc_feat_enclosed,
          kennysheep_potato
D:4:      layout_rooms, grunt_temple_overflow_diamond, kennysheep_slug_shrine,
          uniq_menkaure
D:5:      layout_cave_pools, temple_hall
D:6:      layout_rooms, nemelex_xobeh_ov_fountains_minmay
D:7:      layout_rooms, st_stairs_8
D:8:      layout_basic
D:9:      layout_roguey [special_room_orc], grunt_lair_entry_orc_guard_hut,
          uniq_grum, uniq_pikel
D:10:     layout_irregular_city, uniq_nergalle
D:11:     layout_small_grid, elyvilon_altar_4

Skill      XL: |  1  2  3  4  5  6  7  8  9 10 11 |
---------------+----------------------------------+-----
Maces & Flails | 1 2 3 4 5 6 7 8 |  8.4
Necromancy     | 3 4 5 6 7 8 9 10 | 10.0
Evocations     | 1 2 3 4 5 |  5.9
Armour         | 1 2 3 4 5 |  5.4
Fighting       | 1 2 3 4 5 |  5.0
Spellcasting   | 5 |  5.0
Dodging        | 1 2 3 4 |  4.2
Translocations | 1 2 3 |  3.4
Hexes          | 3 4 |  4.0
Stealth        | |  1.0
Shields        | |  1.0
Poison Magic   | |  1.0

Action                   |  1- 3 |  4- 6 |  7- 9 | 10-12 || total
-------------------------+-------+-------+-------+-------++-------
Melee: Club              |    49 |    72 |   143 |       ||   264
       Flail             |       |       |   120 |   395 ||   515
Throw: Dart              |       |       |    19 |     8 ||    27
 Cast: Pain              |    35 |    83 |   114 |     3 ||   235
       Confusing Touch   |       |       |       |     3 ||     3
Evoke: Wand              |       |     3 |       |       ||     3
 Stab: Sleeping          |     1 |     1 |     1 |       ||     3
       Distracted        |       |     1 |       |       ||     1
       Confused          |       |       |       |     2 ||     2
Armor: Robe              |    11 |     8 |       |       ||    19
       Leather armour    |       |    14 |    99 |   107 ||   220
Dodge: Dodged            |    26 |    74 |   222 |   287 ||   609
